 Dungeon Crawl Stone Soup version 0.30.0-5-g1a98f26d00 (webtiles) character file.

Game seed: 17634563155507354841

255845 Jase the Warrior (level 19, -6/168 (185) HPs)
             Began as a Minotaur Fighter on May 10, 2023.
             Was the Champion of Ru.
             Mangled by a guardian serpent (19 damage)
             ... in the Desolation of Salt.
             The game lasted 02:49:47 (33226 turns).

Jase the Warrior (Minotaur Fighter)                Turns: 33226, Time: 02:49:48

HP:   -6/168 (185)  AC: 31    Str: 32    XL:     19   Next: 5%
MP:   18/18         EV:  8    Int:  5    God:    Ru [******]
Gold: 2612          SH:  0    Dex: 10    Spells: 18/18 levels left

rFire   . . .        a - +5 morningstar (drain)
rCold   + + .        V - +1 kite shield {rC+}
rNeg    + + .        E - +1 plate armour {Will+}
rPois   +            (helmet restricted)
rElec   .            L - +2 cloak of the Cockroach {rN+ Str+3}
rCorr   .            m - +2 pair of gloves of the Pink Corner {Regen+ SInv}
SInv    +            q - +2 pair of boots of Magic {Fly}
Will    ++++.        n - amulet of reflection Stlth
                     O - ring of willpower
HPRegen 1.28/turn    Z - ring of Miwoew {rPois rC+ rN+ Will+ Str+2}
MPRegen 0.16/turn

%: reflection
@: confused, mighty, ambrosia-drunk, overwhelmed with horror, flying, drained
A: horns 2, clumsy 1, inability to use devices, cowardly, inability to train
dodging, unskilled 1, retaliatory headbutt
}: 2/15 runes: barnacled, gossamer
a: Renounce Religion, Draw Out Power, Power Leap, Apocalypse


You were in the Desolation of Salt.
You worshipped Ru.
Ru was exalted by your worship.
You visited 7 branches of the dungeon, and saw 33 of its levels.
You also visited: Ossuary, Gauntlet and Desolation.

You collected 4973 gold pieces.
You spent 2361 gold pieces at shops.

Inventory:

Hand Weapons
 a - a +5 morningstar of draining (weapon)
 b - a +0 sling
Missiles
 f - 11 throwing nets
 k - 5 silver javelins
 A - 3 curare-tipped darts
 B - 47 poisoned darts (quivered)
Armour
 m - the +2 pair of gloves of the Pink Corner (worn) {Regen+ SInv}
   (You found it on level 2 of the Dungeon)

   SInv:      It lets you see invisible.
   Regen:     It increases your rate of health regeneration.
 q - the +2 pair of boots of Magic (worn) {Fly}
   (You bought it in a shop on level 2 of the Orcish Mines)

   Fly:       It grants you flight.
 E - a +1 plate armour of willpower (worn)
 L - the +2 cloak of the Cockroach (worn) {rN+ Str+3}
   (You bought it in a shop on level 9 of the Dungeon)

   Str:       It affects your strength (+3).
   rN:        It protects you from negative energy.
 V - a +1 kite shield of cold resistance (worn)
Jewellery
 c - a ring of resist corrosion
 d - a ring of willpower
 n - an amulet of reflection (around neck)
 r - a +4 ring of slaying
 s - a ring of fire
 I - a ring of positive energy
 O - a ring of willpower (left hand)
 Y - a ring of positive energy
 Z - the ring of Miwoew (right hand) {rPois rC+ rN+ Will+ Str+2}
   (You found it in a Gauntlet)

   [ring of positive energy]

   Str:       It affects your strength (+2).
   rC:        It protects you from cold.
   rPois:     It protects you from poison.
   rN:        It protects you from negative energy.
   Will:      It increases your willpower.
Scrolls
 i - 17 scrolls of teleportation
 l - 9 scrolls of blinking
 v - 2 scrolls of poison
 x - 3 scrolls of enchant weapon
 y - 3 scrolls of silence
 F - a scroll of fear
 K - 7 scrolls of magic mapping
 N - 4 scrolls of enchant armour
 R - 2 scrolls of butterflies
Potions
 e - 4 potions of cancellation
 g - 19 potions of curing
 h - 5 potions of magic
 j - 7 potions of heal wounds
 o - 2 potions of invisibility
 p - 5 potions of ambrosia
 t - 7 potions of haste
 u - 5 potions of might
 w - 4 potions of mutation
 z - 2 potions of resistance
 C - 5 potions of flight
 D - a potion of berserk rage
 P - 3 potions of attraction


   Skills:
 + Level 20.1 Fighting
 - Level 16.0 Maces & Flails
 + Level 12.0 Ranged Weapons
 + Level 20.1 Armour
 + Level 17.7 Shields


You had 18 spell levels left.
You didn't know any spells.
Your spell library contained the following spells:

 Spells                   Type           Power      Damage    Failure   Level
 Beastly Appendage        Tmut           0%         N/A       94%         1
 Foxfire                  Conj/Fire      0%         2x1d4     94%         1
 Freeze                   Ice            0%         1d3       94%         1
 Magic Dart               Conj           0%         1d3       94%         1
 Sting                    Tmut/Pois      0%         1d3       94%         1
 Summon Small Mammal      Summ           0%         N/A       94%         1
 Blink                    Tloc           0%         N/A       98%         2
 Cigotuvi's Dreadful Rot  Necr/Pois/Air  0%         N/A       98%         2
 Poisonous Vapours        Pois/Air       0%         N/A       98%         2
 Scorch                   Fire           0%         2d5       98%         2
 Searing Ray              Conj           0%         2d4       98%         2
 Sublimation of Blood     Necr           0%         N/A       98%         2
 Wereblood                Tmut           0%         N/A       98%         2
 Call Canine Familiar     Summ           0%         N/A       100%        3
 Frozen Ramparts          Ice            0%         1d1       100%        3
 Gell's Gravitas          Tloc           0%         N/A       100%        3
 Hailstorm                Conj/Ice       0%         3d3       100%        3
 Ignite Poison            Fire/Tmut/Pois 0%         N/A       100%        3
 Ozocubu's Armour         Ice            0%         N/A       100%        3
 Portal Projectile        Hex/Tloc       0%         N/A       100%        3
 Spider Form              Tmut/Pois      0%         N/A       100%        3
 Summon Guardian Golem    Hex/Summ       0%         N/A       100%        3
 Teleport Other           Tloc           0%         N/A       100%        3
 Tukima's Dance           Hex            0%         N/A       100%        3
 Vhi's Electric Charge    Tloc/Air       0%         N/A       100%        3
 Volatile Blastmotes      Fire/Tloc      0%         2d10      100%        3
 Anguish                  Hex/Necr       0%         N/A       100%        4
 Flame Wave               Conj/Fire      0%         2d4       100%        4
 Fulminant Prism          Conj/Hex       0%         3d5       100%        4
 Ice Form                 Ice/Tmut       0%         N/A       100%        4
 Iskenderun's Mystic Bla  Conj/Tloc      0%         2d3       100%        4
 Leda's Liquefaction      Hex/Erth       0%         N/A       100%        4
 Manifold Assault         Tloc           0%         N/A       100%        4
 Olgreb's Toxic Radiance  Pois           0%         N/A       100%        4
 Petrify                  Tmut/Erth      0%         N/A       100%        4
 Sticky Flame             Conj/Fire      0%         2d3       100%        4
 Summon Ice Beast         Ice/Summ       0%         N/A       100%        4
 Arcjolt                  Conj/Air       0%         1d10      100%        5
 Blade Hands              Tmut           0%         N/A       100%        5
 Fireball                 Conj/Fire      0%         3d3       100%        5
 Freezing Cloud           Conj/Ice/Air   0%         6-21      100%        5
 Lee's Rapid Deconstruct  Erth           0%         3d4*      100%        5
 Metabolic Englaciation   Hex/Ice        0%         N/A       100%        5
 Conjure Ball Lightning   Conj/Air       0%         3x3d6     100%        6
 Dispersal                Tloc           0%         N/A       100%        6
 Plasma Beam              Fire/Air       0%         2x1d11    100%        6
 Simulacrum               Ice/Necr       0%         N/A       100%        6
 Starburst                Conj/Fire      0%         6d3       100%        6
 Statue Form              Tmut/Erth      0%         N/A       100%        6
 Summon Cactus Giant      Summ           0%         N/A       100%        6
 Enfeeble                 Hex            0%         N/A       100%        7
 Malign Gateway           Summ/Tloc      0%         N/A       100%        7
 Orb of Destruction       Conj           0%         9d5       100%        7
 Ozocubu's Refrigeration  Ice            0%         4d7       100%        7
 Spellforged Servitor     Conj/Summ      0%         N/A       100%        7
 Storm Form               Tmut/Air       0%         N/A       100%        7
 Summon Hydra             Summ           0%         N/A       100%        7
 Ignition                 Fire           0%         3d3       100%        8
 Summon Horrible Things   Summ           0%         N/A       100%        8


Dungeon Overview and Level Annotations

Branches:
Dungeon (15/15)            Temple (1/1) D:6            Lair (5/5) D:8
 Shoals (4/4) Lair:3       Spider (4/4) Lair:3        Slime (0/5) Lair:5
    Orc (2/2) D:10            Elf (0/3) Orc:2        Vaults (2/5) D:13
  Crypt (0/3) Vaults:2     Depths (0/4) D:15        Ossuary (visited)
Desolation (1/1)          Gauntlet (visited)

Altars:
Ashenzari
Cheibriados
Dithmenos
Elyvilon
Fedhas
Gozag
Hepliaklqana
Kikubaaqudgha
Makhleb
Nemelex Xobeh
Okawaru
Qazlal
Ru
Sif Muna
Trog
Uskayaw
Vehumet
Wu Jian
Xom
Yredelemnul
Zin
The Shining One
Jiyva

Shops:
D:1 [   D:9 [[(*   D:10 *   Orc:1 ?   Orc:2 [=:(   Vaults:1 ?

Portals:
Trove: Vaults:1 (give 6 potions of haste)

Annotations:
Vaults:2 2 exclusions


Innate Abilities, Weirdness & Mutations

You have a pair of horns on your head.
You are clumsy. (Dex -2)
You cannot study or use magical devices.
Your cowardice makes you less effective in combat with threatening foes.
You cannot train Dodging skill.
You are somewhat unskilled. (-1 Apt)
You reflexively headbutt those who attack you in melee.


Message History

* * * LOW HITPOINT WARNING * * *
The saltling is stunned by your conviction and fails to attack.
The saltling completely misses you.
The peacekeeper roars!
You hear a shout!
Monsters!
Monsters everywhere!
You have to get out of here!
Unknown command.
You feel much better.
The saltling no longer looks unusually strong. x2
The guardian serpent hits you but does no damage.
You redirect the saltling's attack!
The saltling hits itself but does no damage.
The saltling hits you but does no damage.
The saltling closely misses you.
The saltling hits you but does no damage.
The servant of whispers hits you from afar with a +0 spear.
* * * LOW HITPOINT WARNING * * *
The servant of whispers hits you but does no damage.
The ironbound convoker begins to cast a spell, but is stunned by your conviction!
The saltling hits you.
* * * LOW HITPOINT WARNING * * *
The guardian serpent misses you.
Unknown command.
Unknown command.
Okay, then.
Unknown command.
Unknown command.
You impale the saltling!!
You headbutt the saltling, but do no damage.
The saltling is severely damaged.
The saltling no longer looks unusually strong. x2
The saltling hits you but does no damage.
The saltling hits you.
* * * LOW HITPOINT WARNING * * *
The saltling hits you!
* * * LOW HITPOINT WARNING * * *
The saltling barely misses you. The saltling hits you!
* * * LOW HITPOINT WARNING * * *
You redirect the servant of whispers's attack!
The guardian serpent hits you!!
You die...

..#................
............)........
.........)..)...9....
...............)......L.......
....................p....a......
................................
.......#................##....
........#......9.9a.)...9.....
..............99@.#a).........
..............999S#).p.......
...............99a9.).9.......
.............a..p.............
.........∩.∩..................
......................#.......
................................
..............##.................
..............#..................


You could see 3 servants of whispers, 2 ironbound convokers, a peacekeeper, a
guardian serpent (strong) and 9 saltlings.

Vanquished Creatures
  Nikola (Shoals:1)
  Jorgrun (D:14)
  Agnes (Spider:2)
  Roxanne (Spider:2)
  6 ghost moths
  9 emperor scorpions
  2 vault wardens
  8 ironbound preservers
  2 orc warlords
  An ironbound thunderhulk (Vaults:1)
  2 halazid warlocks (Desolation)
  A minotaur (Gauntlet)
  A deep elf annihilator (Vaults:1)
  2 dire elephants
  A crystal guardian (Desolation)
  3 spark wasps
  3 merfolk javelineers (Shoals:4)
  6 ragged hierophants (Desolation)
  3 entropy weavers
  6 merfolk impalers
  3 yaktaur captains
  A great orb of eyes (Vaults:1)
  3 servants of whispers (Desolation)
  3 vault guards (Vaults:2)
  2 ice dragons (D:15)
  6 hydras
  3 catoblepae
  14 centaur warriors
  5 ironbound frosthearts (Vaults:1)
  A jorogumo (Spider:4)
  8 merfolk avatars
  2 ogre magi (D:15)
  9 boulder beetles
  5 merfolk aquamancers
  2 radroaches
  A death knight (D:15)
  12 two-headed ogres
  The ghost of Vadun the Trooper, a novice DrGl of Qazlal (Lair:1)
  3 death yaks (Lair:5)
  A deep troll shaman (Lair:5)
  3 satyrs (Shoals:4)
  2 tengu warriors
  Urug (D:12)
  An orc high priest (Orc:2)
  Nergalle (D:10)
  7 skysharks
  6 skeletal warriors
  9 pharaoh ants
  3 sun demons
  5 sun moths
  Amaemon (Lair:2)
  The ghost of retardedninja the Magician, a novice GnFE of Makhleb (D:6)
  9 orb spiders
  11 deep trolls
  2 wizards
  2 swamp dragons (D:15)
  A glowing orange brain (Gauntlet)
  Pikel (D:5)
  11 steelbarb worms
  6 ironbound convokers
  8 orc knights
  12 sea snakes
  3 deep elf pyromancers
  17 wolf spiders
  11 harpies
  The ghost of LobsterGuardian the Reanimator, a novice AtNe of Sif Muna (D:7)
  3 oklob plants
  4 fauns (Shoals:1)
  2 orc sorcerers (Orc:2)
  11 ugly things
  A wolf spider (shapeshifter) (D:11)
  8 cyclopes
  4 moths of wrath
  13 manticores
  8 merfolk sirens
  18 elephants
  A vault sentinel (Vaults:1)
  5 demonic crawlers
  2 guardian serpents (Desolation)
  9 water nymphs
  5 black mambas
  4 torpor snails
  An orange demon (Lair:2)
  A gargoyle (Gauntlet)
  5 cane toads
  4 centaur skeletons (D:13)
  2 rime drakes
  8 komodo dragons
  3 freezing wraiths
  An unseen horror (D:11)
  7 yaktaurs
  2 tengu conjurers
  A kobold demonologist (D:13)
  A queen bee (Gauntlet)
  12 meliai
  5 wind drakes
  9 trolls
  24 merfolk
  6 polar bears
  A queen bee (shapeshifter) (D:14)
  18 blink frogs
  A hornet (shapeshifter) (D:11)
  36 tarantellas
  Prince Ribbit (Lair:3)
  13 snapping turtles
  7 dream sheep (Lair:4)
  20 saltlings (Desolation)
  17 slime creatures
  24 jumping spiders
  2 vampires
  17 culicivoras
  4 wraiths
  32 yaks
  6 shadows
  10 water elementals
  8 wyverns
  The ghost of JawaBawa the Covered, an amateur MiFi of Trog (D:4)
  3 basilisks
  34 redbacks
  Grum (D:11)
  2 steam dragons
  Edmund (D:5)
  9 vampire mosquitoes
  2 wargs
  Menkaure (D:7)
  8 water moccasins
  26 orc warriors
  An ice beast (D:7)
  A sky beast (D:7)
  3 black bears
  3 boggarts (D:15)
  13 ogres
  16 wolves
  12 centaurs
  2 lemures
  2 phantoms
  14 bullfrogs
  5 kobold brigands
  Blork the orc (Orc:2)
  3 gnoll sergeants
  A wyvern zombie (Ossuary)
  5 scorpions
  A water moccasin zombie (Ossuary)
  5 wights (D:8)
  4 killer bees
  6 howler monkeys
  5 electric eels
  5 bullfrog zombies (Ossuary)
  A jelly (D:6)
  2 gnoll boudas
  A centaur zombie (Ossuary)
  Crazy Yiuf (D:5)
  10 hounds
  16 orc priests
  4 iguanas
  13 mummies (Ossuary)
  17 orc wizards
  4 killer bee zombies (Ossuary)
  2 howler monkey zombies (Ossuary)
  36 gnolls
  9 adders
  A white imp (D:7)
  3 ufetubi
  A worm (D:4)
  3 dart slugs
  79 orcs
  5 bats
  An endoplasm (D:4)
  A giant cockroach (D:2)
  7 goblins
  5 hobgoblins
  16 jackals
  16 kobolds
  3 quokkas
  4 ball pythons
  2 goblin zombies (D:7)
  3 rats
1149 creatures vanquished.

Vanquished Creatures (others)
  An entropy weaver (Vaults:1)
  A servant of whispers (Desolation)
  2 sea snakes (Shoals:4)
  A steelbarb worm (Spider:2)
  A demonic crawler (Spider:4)
  A cane toad (Lair:4)
  A torpor snail (Spider:2)
  2 saltlings (Desolation)
  A tarantella (Spider:1)
  A slime creature (D:12)
  A redback (Spider:3)
  An orc warrior (Orc:2)
  A centaur (D:11)
  A kobold brigand (D:13)
  3 orcs
19 creatures vanquished.

Grand Total: 1168 creatures vanquished

Notes
Turn   | Place    | Note
-------+----------+-------------------------------------------
     0 | D:1      | Jase the Minotaur Fighter began the quest for the Orb.
     0 | D:1      | Reached XP level 1. HP: 19/19 MP: 0/0
   123 | D:1      | Found Ugao's Antique Armour Emporium.
   181 | D:1      | Reached XP level 2. HP: 27/27 MP: 1/1
   667 | D:2      | Reached XP level 3. HP: 23/33 MP: 2/2
   940 | D:2      | Reached XP level 4. HP: 41/41 MP: 3/3
  1024 | D:2      | Identified the +2 pair of gloves of the Pink Corner {Regen+
                  | SInv}
  1289 | D:3      | Reached skill level 5 in Fighting
  1289 | D:3      | Reached XP level 5. HP: 41/48 MP: 4/4
  1351 | D:3      | Reached skill level 5 in Armour
  1453 | D:3      | Reached XP level 6. HP: 53/56 MP: 5/5
  1578 | D:3      | Reached skill level 5 in Maces & Flails
  1782 | D:3      | Found an iron altar of Okawaru.
  2067 | D:3      | Reached XP level 7. HP: 63/63 MP: 6/6
  2466 | D:4      | Found a runed translucent gate.
  2466 | D:4      | Found a runed translucent gate.
  2466 | D:4      | Found a runed translucent gate.
  2476 | D:4      | Noticed JawaBawa's ghost (amateur MiFi)
  2481 | D:4      | Identified the +2 ring mail "Wedgh" {rC+}
  3055 | D:5      | Entered Level 5 of the Dungeon
  3055 | D:5      | Noticed Pikel
  3116 | D:5      | Reached XP level 8. HP: 72/73 MP: 7/7
  3252 | D:5      | Noticed Edmund
  3421 | D:5      | Killed Pikel
  3482 | D:5      | Killed Edmund
  3841 | D:5      | Reached XP level 9. HP: 78/80 MP: 8/8
  4116 | D:5      | Found a runed translucent door.
  4117 | D:5      | Noticed Crazy Yiuf
  4159 | D:6      | Found a staircase to the Ecumenical Temple.
  4228 | Temple   | Entered the Ecumenical Temple
  4834 | D:6      | Found a runed translucent door.
  5112 | D:6      | Noticed retardedninja's ghost (novice GnFE)
  5209 | D:7      | Found a sand-covered staircase.
  5224 | Ossuary  | Entered an ossuary
  5368 | Ossuary  | Reached skill level 10 in Fighting
  5486 | Ossuary  | Reached skill level 10 in Armour
  5632 | D:7      | Found a sacrificial altar of Ru.
  5638 | D:7      | Found a shimmering altar of Xom.
  5648 | D:7      | Became a worshipper of Ru the Awakened
  5683 | D:7      | Noticed Menkaure
  5690 | D:7      | Killed Menkaure
  5738 | D:7      | Noticed a rime drake
  5746 | D:7      | Found the +4 skin of Zhor {*Englaciate rC+++ SInv}
  5820 | D:7      | Reached skill level 10 in Maces & Flails
  5821 | D:7      | Found a transporter.
  5839 | D:7      | Noticed a moth of wrath
  5840 | D:7      | Noticed LobsterGuardian's ghost (novice AtNe)
  5844 | D:7      | Found a bloodstained altar of Trog.
  5855 | D:7      | Found a transporter.
  5897 | D:7      | Found an ornate altar of the Wu Jian Council.
  6060 | D:7      | Killed a rime drake
  6061 | D:7      | Reached XP level 10. HP: 93/94 MP: 9/9
  6425 | D:8      | Identified the +8 rapier of the Sneaky Spines {heavy, rC+
                  | Int+3}
  6602 | D:8      | Found a staircase to the Lair.
  6651 | D:8      | Gained mutation: Your cowardice makes you less effective in
                  | combat with threatening foes. [Ru sacrifice]
  6651 | D:8      | Reached * piety under Ru
  6950 | D:9      | Found Awioz's Antique Armour Boutique.
  7088 | D:9      | Bought a masterwork cloak for 237 gold pieces
  7088 | D:9      | Identified the +2 cloak of the Cockroach {rN+ Str+3} (You
                  | bought it in a shop on level 9 of the Dungeon)
  7140 | D:9      | Found Solaryg's Weapon Emporium.
  7191 | D:9      | Found a sparkling altar of Nemelex Xobeh.
  7191 | D:9      | Found a white marble altar of Elyvilon.
  7191 | D:9      | Found a glowing silver altar of Zin.
  7192 | D:9      | Found a glowing golden altar of the Shining One.
  7316 | D:9      | Found Olyuc's Wicked Wares.
  7332 | D:9      | Bought a scroll of torment for 152 gold pieces
  7400 | D:9      | Noticed a two-headed ogre
  7415 | D:9      | Killed a two-headed ogre
  7454 | D:9      | Found Vinload's Antique Armour Emporium.
  7905 | D:10     | Entered Level 10 of the Dungeon
  8175 | D:10     | Reached XP level 11. HP: 104/104 MP: 10/10
  8244 | D:10     | Noticed Nergalle
  8257 | D:10     | Killed Nergalle
  8342 | D:10     | Found a staircase to the Orcish Mines.
  8391 | D:10     | Gained mutation: You cannot train Dodging skill. [Ru
                  | sacrifice]
  8391 | D:10     | Reached ** piety under Ru
  8401 | D:10     | Found Hacreah's General Store.
  8413 | D:10     | Bought a potion of brilliance for 60 gold pieces
  8413 | D:10     | Bought a potion of curing for 45 gold pieces
  8633 | D:10     | Reached skill level 5 in Shields
  8788 | D:11     | Noticed a tengu warrior
  8828 | D:11     | Killed a tengu warrior
  8924 | D:11     | Noticed a red ugly thing
  8966 | D:11     | Noticed Grum
  8979 | D:11     | Killed Grum
  8994 | D:11     | Noticed a two-headed ogre
  9087 | Lair:1   | Entered Level 1 of the Lair of Beasts
  9128 | Lair:1   | Found a glowing silver altar of Zin.
  9409 | Lair:1   | Reached XP level 12. HP: 111/115 MP: 11/11
  9529 | Lair:1   | Found a runed translucent door.
  9530 | Lair:1   | Noticed Vadun's ghost (novice DrGl)
  9986 | D:4      | Killed JawaBawa's ghost
 10116 | D:5      | Killed Crazy Yiuf
 10204 | D:6      | Killed retardedninja's ghost
 10390 | Lair:1   | Killed Vadun's ghost
 10468 | Lair:2   | Noticed Amaemon
 10493 | Lair:2   | Killed Amaemon
 10610 | Lair:2   | Gained mutation: You are somewhat unskilled. (-1 Apt) [Ru
                  | sacrifice]
 10610 | Lair:2   | Reached *** piety under Ru
 11535 | Lair:3   | Found a hole to the Spider Nest.
 11693 | Lair:3   | Noticed an eight-headed hydra
 11693 | Lair:3   | Noticed Prince Ribbit
 11703 | Lair:3   | Killed an eight-headed hydra
 11792 | Lair:3   | Killed Prince Ribbit
 11892 | Lair:3   | Found a staircase to the Shoals.
 12273 | Lair:4   | Reached XP level 13. HP: 107/122 MP: 12/12
 12448 | Lair:4   | Gained mutation: You cannot study or use magical devices.
                  | [Ru sacrifice]
 12448 | Lair:4   | Reached **** piety under Ru
 12448 | Lair:4   | Reached ***** piety under Ru
 13292 | Orc:1    | Entered Level 1 of the Orcish Mines
 13403 | Orc:2    | Entered Level 2 of the Orcish Mines
 13403 | Orc:2    | Found Gerirubo's Vocational Training.
 13469 | Orc:2    | Noticed Blork the orc
 13488 | Orc:2    | Killed Blork the orc
 13532 | Orc:2    | Found a staircase to the Elven Halls.
 13537 | Orc:2    | Found a gate leading to a gauntlet.
 13544 | Gauntlet | Entered a Gauntlet
 13544 | Gauntlet | Found a transporter.
 13544 | Gauntlet | Found a transporter.
 13554 | Gauntlet | Found a transporter.
 13557 | Gauntlet | Found a transporter.
 13565 | Gauntlet | Found a transporter.
 13569 | Gauntlet | Found a transporter.
 13575 | Gauntlet | Found a runed translucent door.
 13578 | Gauntlet | Found a transporter.
 13594 | Gauntlet | Found a transporter.
 13611 | Gauntlet | Found a transporter.
 13614 | Gauntlet | Found a transporter.
 13624 | Gauntlet | Found a transporter.
 13627 | Gauntlet | Found a transporter.
 13763 | Gauntlet | Identified the +9 mace "Jysihogg" {flame, rC+ rN+}
 13804 | Gauntlet | Identified the ring "Duhiq" {*Corrode +Blink rF+ Dex+3}
 13818 | Gauntlet | Identified the +4 trident of Xyna {flame, rPois}
 13818 | Gauntlet | Noticed a minotaur
 13832 | Gauntlet | Killed a minotaur
 13852 | Gauntlet | Identified the +9 great mace "Beetlebane" {flame, rElec
                  | rCorr Str+2}
 13858 | Gauntlet | Identified the ring of Miwoew {rPois rC+ rN+ Will+ Str+2}
 13866 | Gauntlet | Got the Secrets of Cinders and the Squall
 13889 | Orc:2    | Noticed an orc warlord
 13960 | Orc:2    | Killed an orc warlord
 13961 | Orc:2    | Reached skill level 10 in Shields
 14252 | Orc:2    | Gained mutation: You are clumsy. (Dex -2) [Ru sacrifice]
 14252 | Orc:2    | Reached ****** piety under Ru
 14310 | Orc:1    | Found Nisch's Magic Scroll Shop.
 14332 | Orc:1    | Bought a scroll of identify for 24 gold pieces
 14332 | Orc:1    | Bought a scroll of noise for 12 gold pieces
 14333 | Orc:1    | Bought a scroll of brand weapon for 114 gold pieces
 14333 | Orc:1    | Bought a scroll of amnesia for 48 gold pieces
 14333 | Orc:1    | Bought a scroll of fear for 48 gold pieces
 14810 | Orc:2    | Found Wuanypt's Antique Weapon Shop.
 14825 | Orc:2    | Found Voyl Xia's General Store.
 14857 | Orc:2    | Found Ropumn's Antique Armour Shop.
 14863 | Orc:2    | Bought a pair of encrusted boots for 351 gold pieces
 14863 | Orc:2    | Identified the +2 pair of boots of Magic {Fly} (You bought
                  | it in a shop on level 2 of the Orcish Mines)
 14883 | Orc:2    | Found Vaen's Jewellery Shop.
 15292 | Lair:5   | Entered Level 5 of the Lair of Beasts
 15545 | Lair:5   | Reached XP level 14. HP: 113/133 MP: 13/13
 15911 | Lair:5   | Reached skill level 15 in Fighting
 15911 | Lair:5   | Reached skill level 15 in Armour
 15985 | Lair:5   | Reached skill level 15 in Maces & Flails
 16519 | Lair:5   | Found a viscous altar of Jiyva.
 16538 | Lair:5   | Found a staircase to the Slime Pits.
 16631 | Spider:1 | Entered Level 1 of the Spider Nest
 16823 | Spider:1 | Noticed a ghost moth
 16839 | Spider:1 | Killed a ghost moth
 17550 | Spider:2 | Noticed Roxanne
 17802 | Spider:2 | Reached XP level 15. HP: 143/143 MP: 14/14
 17891 | Spider:2 | Noticed Agnes
 17897 | Spider:2 | Killed Agnes
 17992 | Spider:2 | Found a hide-covered altar of Uskayaw.
 18661 | Spider:2 | You are sucked into a shaft and drop 1 floor!
 18687 | Spider:3 | Reached skill level 1 in Ranged Weapons
 19288 | Spider:3 | Identified the +0 scale mail "Ryhuo" {-Cast rPois Dex+4
                  | Slay+3}
 19516 | Spider:2 | Killed Roxanne
 19706 | Spider:3 | Noticed an emperor scorpion
 19722 | Spider:3 | Killed an emperor scorpion
 20166 | Shoals:1 | Entered Level 1 of the Shoals
 20377 | Shoals:1 | Noticed Nikola
 20532 | Shoals:1 | Killed Nikola
 20533 | Shoals:1 | Reached skill level 5 in Ranged Weapons
 21041 | Shoals:1 | Reached XP level 16. HP: 155/155 MP: 15/15
 23042 | Shoals:3 | Found a sacrificial altar of Ru.
 23233 | Shoals:4 | Entered Level 4 of the Shoals
 24100 | Shoals:4 | Reached skill level 15 in Shields
 24110 | Shoals:4 | Got a barnacled rune of Zot
 24429 | Shoals:4 | Identified the staff of cold "Azoenlach" {rC+ Will- Str+5}
 24787 | Shoals:4 | Identified the +7 scale mail of Conscience {Will+ Str+3}
 25078 | Spider:4 | Entered Level 4 of the Spider Nest
 25123 | Spider:4 | Reached XP level 17. HP: 163/163 MP: 16/16
 26264 | Spider:4 | Found the +3 hat of Pondering {ponderous, Will+ MP+10
                  | Int+5}
 26711 | Spider:4 | Got a gossamer rune of Zot
 27221 | D:7      | Killed LobsterGuardian's ghost
 27767 | D:11     | Identified the ring of the Hurting Gods {Wiz Str+2 Dex+8}
 27968 | D:11     | Identified a scroll of acquirement
 27969 | D:11     | Acquired 900 gold pieces
 28110 | D:12     | Noticed Urug
 28118 | D:12     | Killed Urug
 28970 | D:13     | Found a gate to the Vaults.
 29635 | Vaults:1 | Entered Level 1 of the Vaults
 29693 | D:14     | Reached skill level 10 in Ranged Weapons
 29711 | D:14     | Noticed Jorgrun
 29799 | D:14     | Killed Jorgrun
 29884 | D:13     | Reached XP level 18. HP: 131/169 MP: 17/17
 30139 | D:14     | Found an opulent altar of Gozag.
 30427 | D:15     | Entered Level 15 of the Dungeon
 30801 | D:15     | Found a broken altar of Ashenzari.
 31076 | D:15     | Found a staircase to the Depths.
 31576 | Vaults:1 | Found Gegele's Magic Scroll Boutique.
 31584 | Vaults:1 | Bought a scroll of acquirement for 1040 gold pieces
 31584 | Vaults:1 | Acquired 1068 gold pieces
 31586 | Vaults:1 | Bought a scroll of identify for 40 gold pieces
 31593 | Vaults:1 | Bought a scroll of silence for 190 gold pieces
 31707 | Vaults:1 | Found a portal to a secret trove of treasure.
 32864 | Vaults:2 | Found a crumbling gateway.
 32928 | Desolati | Entered the Desolation of Salt
 33178 | Desolati | Identified the amulet "Goewn" {Acrobat rF+ Dex+3}
 33188 | Desolati | Reached XP level 19. HP: 111/168 MP: 10/18
 33226 | Desolati | Mangled by a guardian serpent

Illustrated notes

Levels and vault maps discovered:
D:1:      matt_arrival_refuge, layout_loops_cross, serial_shops,
          nicolae_shop_dealshenge
D:2:      layout_basic
D:3:      lemuel_castle_with_subvaults [lemuel_castle_interior_carwin_3],
          layout_basic, okawaru_metal_pillars_1_2
D:4:      layout_basic, biasface_ghost_orc_armoury
D:5:      layout_loops_corners, nrook_campfire, ebering_dispersal_statue_hall,
          uniq_pikel, uniq_crazy_yiuf_cottage, uniq_edmund
D:6:      layout_gridville, minmay_temple_entry_statues,
          ebering_ghost_reflecting_pool, palyth_stone_intersect
D:7:      layout_loops_ring, kennysheep_little_box,
          amethyst_overflow_temple_binary, enter_ossuary_4,
          gammafunk_ghost_wrathful_warriors, hellmonk_guarded_unrand_zhor,
          uniq_menkaure
D:8:      layout_rooms, erik_lair_island
D:9:      layout_stronghold, chequers_temple_overflow_statue_of_worship,
          serial_shops, nicolae_shop_hallway_plus, nicolae_square_shop,
          nicolae_shop_waterfront, minmay_stone_trees_medium, nicolae_evil_shop
D:10:     layout_long_grid, erik_orc_3, serial_shops, shop, uniq_nergalle
D:11:     hangedman_cross_cluster, layout_irregular_city, uniq_grum
D:12:     layout_loops_cross, uniq_urug
D:13:     layout_small_grid, hangedman_vaults_entry_quadrant_bands,
          kennysheep_generic_room_9
D:14:     hangedman_arrow_trap, layout_cave_pools,
          nicolae_gozag_cash_rules_everything_around_me, uniq_jorgrun
D:15:     grunt_enter_depths_hoard, layout_loops_cross,
          ashenzari_conservatory_becter, pond
Temple:   nicolae_temple_ecumenical_triangle
Lair:1:   layout_roguey, basic_altar, ebering_ghost_inner_flame, minmay_holes,
          lemuel_another_geyser, infiniplex_staircase_pool, serial_bayou_shore_b
Lair:2:   layout_chaotic_city, st_stairs_5, serial_bayou_shore_a,
          grunt_megastairs_3, uniq_amaemon
Lair:3:   layout_concentric_octagons, shoals_dummy_entry,
          hellmonk_spider_entry_life_and_decay, uniq_prince_ribbit2
Lair:4:   layout_small_grid, infiniplex_staircase_pool_2
Lair:5:   grunt_lair_end_beastmaster, layout_gridlike,
          minmay_slime_entry_oklob_enclosed
Shoals:1: layout_shoals, ldierk_geyser, uniq_nikola
Shoals:2: layout_shoals
Shoals:3: layout_shoals, lemuel_oklob_altar
Shoals:4: shoals_end_simple, layout_shoals, nicolae_shoals_bring_sunscreen
Spider:1: layout_spider_delve, hellmonk_narrow_tunnel
Spider:2: layout_spider_delve, nicolae_spider_altar_of_dancing, uniq_roxanne,
          uniq_agnes
Spider:3: layout_spider_delve
Spider:4: grunt_spider_rune_circles, hangedman_spider_mandibles,
          nicolae_spider_some_kinda_spiderbox
Orc:1:    layout_caves, serial_shops, shop
Orc:2:    grunt_orc_cross, layout_caves, gauntlet_entry_generic,
          nicolae_shop_vocational
Vaults:1: nicolae_vaults_angled_halls, nicolae_vaults_layer_cake_slice,
          ontoclasm_vaults_gateway, nicolae_vaults_diagonal_hallway_8,
          nicolae_vaults_shelves_hall, nicolae_vaults_network_s,
          vaults_mumra_chevron_long, nicolae_vaults_fighting_squares,
          vaults_room_hallway, v_misc_25, nicolae_vaults_two_Ls,
          dpeg_vaults_monster_box, layout_vaults_omnicross,
          nicolae_trove_entry_crystal, serial_shops, nicolae_shop_waterfront
Vaults:2: portal_desolation_entry_nicolae_slug, nicolae_vaults_what_the_h,
          nicolae_vaults_tetromino_L_2, grunt_vaults_hallway_long,
          nicolae_vaults_tangram_1, nicolae_vaults_asterisk, v_misc_4,
          hangedman_vaults_corner, minmay_crypt_entry_simple_box,
          nicolae_vaults_stepped_doors, nicolae_vaults_offset_grid_hallway_3,
          nicolae_vaults_hexular_roomagon, ontoclasm_vaults_ring_square,
          nicolae_vaults_tetromino_Z_2, layout_vaults_ring, serial_shops, shop,
          uniq_saint_roka, uniq_boris
Desolation

Skill      XL: |  1  2  3  4  5  6  7  8  9 10 11 12 13 14 15 16 17 18 19 |
---------------+----------------------------------------------------------+-----
Fighting       | 4 5 6 7 9 10 12 13 13 14 15 17 18 19 20 | 20.1
Armour         | 4 5 6 7 8 10 12 13 13 14 15 17 18 19 20 | 20.1
Maces & Flails | 3 4 5 6 8 10 11 13 13 14 15 16 | 16.0
Shields        | 4 7 9 10 12 13 15 16 17 | 17.7
Ranged Weapons | 5 8 10 11 12 | 12.0

Action                     |  1- 3 |  4- 6 |  7- 9 | 10-12 | 13-15 | 16-18 | 19-21 || total
---------------------------+-------+-------+-------+-------+-------+-------+-------++-------
  Melee: Flail             |    63 |   161 |   360 |   642 |  1218 |   537 |       ||  2981
         Headbutt          |     7 |    28 |    70 |   142 |   328 |   473 |     6 ||  1054
         Unarmed           |       |       |     2 |       |       |       |       ||     2
         Morningstar       |       |       |       |       |       |  1149 |    30 ||  1179
   Fire: Sling             |       |       |       |       |     5 |    24 |       ||    29
  Throw: Dart              |       |       |       |     3 |       |       |       ||     3
 Invoke: Sacrifice Courage |       |       |       |     1 |       |       |       ||     1
         Sacrifice Nimblen |       |       |       |     1 |       |       |       ||     1
         Sacrifice Skill   |       |       |       |     1 |       |       |       ||     1
         Power Leap        |       |       |       |       |     5 |     8 |       ||    13
         Apocalypse        |       |       |       |       |     2 |     4 |       ||     6
         Draw Out Power    |       |       |       |       |     1 |     1 |       ||     2
         Sacrifice Purity  |       |       |       |       |     1 |       |       ||     1
         Sacrifice Artific |       |       |       |       |     1 |       |       ||     1
    Use: Scroll            |       |       |     9 |     4 |     9 |    13 |     1 ||    36
         Potion            |       |       |       |     1 |     5 |     1 |     4 ||    11
   Stab: Distracted        |       |       |       |     1 |    11 |    14 |     1 ||    27
         Invisible         |       |       |       |     1 |     6 |     7 |       ||    14
         Petrified         |       |       |       |       |     9 |       |       ||     9
         Paralysed         |       |       |       |       |     4 |    22 |       ||    26
         Petrifying        |       |       |       |       |     1 |       |       ||     1
 Armour: Scale mail        |    42 |    80 |   150 |    21 |       |       |       ||   293
         Skin              |       |     8 |    23 |       |       |       |       ||    31
         Plate armour      |       |       |       |   232 |   467 |   637 |    50 ||  1386
  Dodge: Dodged            |    29 |    76 |   156 |   189 |   233 |   253 |    21 ||   957
  Block: Buckler           |    15 |    36 |    84 |    55 |       |       |       ||   190
         Kite shield       |       |       |       |   274 |   714 |  1194 |    52 ||  2234
         Reflection        |       |       |       |     5 |    19 |    67 |       ||    91
